 Dungeon Crawl Stone Soup version 0.18.1-48-g4cf74bf (webtiles) character file.

533 nikopol the Skirmisher (level 7, -7/93 HPs)
             Began as a Minotaur Berserker on Aug 13, 2016.
             Was a Priest of Trog.
             Mangled by a vampire (9 damage)
             ... on level 4 of the Dungeon.
             The game lasted 00:07:47 (2838 turns).

nikopol the Skirmisher (Minotaur Berserker)         Turns: 2838, Time: 00:07:48

Health: -7/93      AC:  8    Str: 27    XL:     7   Next: 4%
Magic:  6/6        EV: 13    Int:  4    God:    Trog [***...]
Gold:   232        SH:  0    Dex: 11    Spells: 0 memorised, 6 levels left

rFire  . . .     SeeInvis .     a - +1 hand axe
rCold  . . .     Gourm    .     d - +0 leather armour (curse)
rNeg   . . .     Faith    .     (no shield)
rPois  .         Spirit   .     (helmet restricted)
rElec  .         Dismiss  .     (no cloak)
rCorr  .         Reflect  .     i - +1 pair of gloves
SustAt .         Harm     .     e - +1 pair of boots
MR     ++...                    (no amulet)
Stlth  ..........               (no ring)
                                (no ring)

@: berserking, regenerating, very quick, very resistant to hostile enchantments,
extremely unstealthy
A: retaliatory headbutt, horns 2
a: Berserk, Trog's Hand, Burn Spellbooks, Renounce Religion


You were on level 4 of the Dungeon.
You worshipped Trog.
Trog was most pleased with you.
You were hungry.

You visited 1 branch of the dungeon, and saw 4 of its levels.
You also visited: Ossuary.

You collected 232 gold pieces.

Inventory:

Hand Weapons
 a - a +1 hand axe (weapon)
Armour
 b - a +0 animal skin
 d - a cursed +0 leather armour (worn)
 e - a +1 pair of boots (worn)
 i - a +1 pair of gloves (worn)
 p - a cursed +0 ring mail
Scrolls
 l - a scroll of teleportation
 o - 6 scrolls of identify
 r - a scroll of summoning {unknown}
 t - a scroll of random uselessness {unknown}
 u - a scroll of remove curse {unknown}
Potions
 g - 2 potions of ambrosia
 h - a potion of invisibility {unknown}
 j - 2 potions of heal wounds {unknown}
 k - a potion of brilliance {unknown}
 m - 2 potions of cure mutation {unknown}
 n - a potion of might {unknown}
 q - 2 potions of curing {unknown}
 s - a potion of cancellation {unknown}
 v - a potion of magic {unknown}
Comestibles
 c - 2 bread rations
 f - a royal jelly
 w - 5 chunks of flesh


   Skills:
 + Level 5.9 Fighting
 + Level 5.8 Axes
 + Level 5.0 Armour
 + Level 4.3 Dodging


You had 6 spell levels left.
You didn't know any spells.

Dungeon Overview and Level Annotations

Branches:
Dungeon (4/15)
 Temple: D:4-7

Altars:
Ashenzari
The Shining One


Innate Abilities, Weirdness & Mutations

You reflexively headbutt those who attack you in melee.
You have a pair of horns on your head.


Message History

Something draws strength from your injuries!
You hit something but do no damage. You headbutt something!
Unholy energy fills the air.
* * * LOW HITPOINT WARNING * * *
Your skin crawls.
You feel resistant to hostile enchantments.
You feel slightly more hungry. Something hits you.
* * * LOW HITPOINT WARNING * * *
Something bites you!
* * * LOW HITPOINT WARNING * * *
Something draws strength from your injuries!
A red film seems to cover your vision as you go berserk!
You feel yourself moving faster!
You feel mighty!
You feel somewhat more hungry. Something hits you.
* * * LOW HITPOINT WARNING * * *
Something bites you but does no damage.
You barely miss something. You headbutt something. You hit something.
You headbutt something! Something hits you but does no damage.
Something bites you!
You die...

###### #<...#
#....# #....#
#....#@#
#.##.#.{......
#. #.......###
# #...$......
#.......###
#..$....#
#.......#
#.......#


There were no monsters in sight!

Vanquished Creatures
  2 centaur zombies (Ossuary)
  A giant frog skeleton (D:4)
  An orc priest (D:4)
  3 orc wizards (D:4)
  3 ogre zombies (Ossuary)
  7 mummies (Ossuary)
  5 adders
  6 adder zombies (Ossuary)
  5 worms
  A dart slug (D:2)
  5 giant geckos
  9 orcs
  3 ball pythons
  4 bats
  A giant cockroach (D:1)
  A gnoll zombie (Ossuary)
  12 goblins
  5 hobgoblins
  4 jackals (D:3)
  6 kobolds
  A quokka (D:3)
  2 giant newts
  3 goblin zombies
  5 hobgoblin zombies (Ossuary)
  4 kobold zombies (Ossuary)
  3 quokka zombies
  4 rats
  5 rat zombies (Ossuary)
111 creatures vanquished.

Notes
Turn   | Place    | Note
--------------------------------------------------------------
     0 | D:1      | nikopol the Minotaur Berserker began the quest for the Orb.
     0 | D:1      | Reached XP level 1. HP: 19/19 MP: 0/0
    90 | D:1      | Found a glowing golden altar of the Shining One.
   428 | D:1      | Reached XP level 2. HP: 21/27 MP: 1/1
   877 | D:2      | Reached ** piety under Trog
   878 | D:2      | Reached XP level 3. HP: 33/33 MP: 2/2
   988 | D:2      | Found a shattered altar of Ashenzari.
  1405 | D:2      | Reached XP level 4. HP: 40/40 MP: 3/3
  1918 | D:3      | Reached *** piety under Trog
  2122 | D:3      | You fall through a shaft!
  2139 | D:4      | Reached XP level 5. HP: 47/47 MP: 4/4
  2142 | D:4      | Reached skill level 5 in Axes
  2191 | D:4      | Found a sand-covered staircase.
  2206 | Ossuary  | Entered an ossuary
  2282 | Ossuary  | Reached skill level 5 in Fighting
  2352 | Ossuary  | Reached XP level 6. HP: 42/56 MP: 5/5
  2753 | D:4      | Reached skill level 5 in Armour
  2753 | D:4      | Reached XP level 7. HP: 58/62 MP: 6/6
  2822 | D:4      | Noticed a vampire
  2835 | D:4      | HP: 2/62 [something (10)]
  2838 | D:4      | Mangled by a vampire

Skill      XL: |  1  2  3  4  5  6 |
---------------+-------------------+-----
Axes           | 4 5 |  5.8
Fighting       | 4 5 |  5.9
Armour         | 3 4 5 |  5.0
Dodging        | 3 4 |  4.3

Action                   |  1- 3 |  4- 6 |  7- 9 || total
-------------------------+-------+-------+-------++-------
Melee: Hand axe          |    58 |   193 |    13 ||   264
       Headbutt          |    15 |    54 |     4 ||    73
Invok: Berserk           |       |     1 |     1 ||     2
       Trog's Hand       |       |       |     1 ||     1
  Use: Scroll            |       |     6 |       ||     6
  Eat: Chunk             |     1 |     5 |     1 ||     7
Armor: Leather armour    |    17 |    42 |     5 ||    64
Dodge: Dodged            |    28 |    92 |    11 ||   131
